 Dungeon Sprint DCSS version 0.29-a0-472-ge5599a681e (webtiles) character file.

Game seed: 14393369214029807369

377 mhtbhm the Basher (level 6, 0/68 HPs)
             Began as a Troll Berserker on May 22, 2022.
             Was an Elder of Trog.
             Slain by a human (10 damage)
             ... in the Dungeon (Sprint III: "The Ten Rune Challenge").
             The game lasted 00:00:50 (319 turns).

mhtbhm the Basher (Troll Berserker)                  Turns: 319, Time: 00:00:51

Health: 0/68       AC:  4    Str: 28    XL:     6   Next: 45%
Magic:  5/5        EV: 11    Int:  3    God:    Trog [****..]
Gold:   18         SH:  0    Dex:  9    Spells: 5/5 levels left

rFire   . . .      SeeInvis .   a - +0 mace
rCold   . . .      Faith    .   (no shield)
rNeg    . . .      Spirit   .   b - +0 animal skin
rPois   .          Reflect  .   (helmet restricted)
rElec   .          Harm     .   (no cloak)
rCorr   .          Rampage  .   (gloves unavailable)
Will    .....      NoTele   +   (boots unavailable)
Stlth   +.........              (no amulet)
HPRegen 1.01/turn               (no ring)
MPRegen 0.09/turn               (no ring)

@: on berserk cooldown, slowed, very slow
A: large, unfitting armour, claws 3, regeneration 1, shaggy fur 1, tough skin 1
a: Renounce Religion, Berserk, Trog's Hand, Brothers in Arms


You were in the Dungeon.
You worshipped Trog.
Trog was greatly pleased with you.
You visited 1 branch You collected 18 gold pieces.

Inventory:

Hand Weapons
 a - a +0 mace (weapon)
Armour
 b - a +0 animal skin (worn)
Wands
 n - a wand of paralysis (5)
Scrolls
 h - a scroll of blinking
 i - 3 scrolls of poison {unknown}
 j - 2 scrolls of identify
Potions
 c - a potion of curing
 d - a potion of heal wounds
 e - a potion of haste
 f - 2 potions of magic
 g - a potion of berserk rage
 k - a potion of flight {unknown}
 l - 2 potions of brilliance {unknown}
 m - 5 potions of mutation


   Skills:
 + Level 6.7 Fighting
 + Level 8.7 Maces & Flails
 + Level 6.4 Dodging
 + Level 1.2 Stealth


You had 5 spell levels left.
You didn't know any spells.
Your spell library was empty.

Dungeon Overview and Level Annotations

Branches:
Dungeon (1/1)

Altars:
Dithmenos
Kikubaaqudgha
Okawaru
Ru
Sif Muna
Trog
Uskayaw
Vehumet
Wu Jian
Yredelemnul
Beogh


Innate Abilities, Weirdness & Mutations

You are too large for most types of armour.
You have claws for hands.
Your natural rate of healing is unusually fast.
You are covered in fur. (AC +1)
You have tough skin. (AC +1)


Message History

You feel yourself slow down. The human closely misses you.
You hit the human but do no damage.
The human is lightly wounded.
The human misses you.
You closely miss the human.
The human is lightly wounded.
The human hits you. The human hits you!
You hit the human but do no damage.
The human is lightly wounded.
The human hits you.
You barely miss the human.
The human is lightly wounded.
The human barely misses you.
You closely miss the human.
The human is lightly wounded.
The human hits you but does no damage. The human hits you!
* * * LOW HITPOINT WARNING * * *
You barely miss the human.
The human is lightly wounded.
The human hits you.
* * * LOW HITPOINT WARNING * * *
You hit the human.
The human is lightly wounded.
The human hits you!
* * * LOW HITPOINT WARNING * * *
The human hits you.
* * * LOW HITPOINT WARNING * * *
You miss the human.
The human is lightly wounded.
The human closely misses you.
You miss the human.
The human is lightly wounded.
The human hits you but does no damage. The human closely misses you.
You hit the human.
The human is moderately wounded.
The human barely misses you.
You barely miss the human.
The human is moderately wounded.
The human hits you!
You die...

▓▓ ▓▓▓ .#### ##.#
######## ....#####..#
#___#__# .....#..#..#
#p_)#)_#
##...#..#..###+#@###†##
###..##'#..#..........#
.##..###...'.⌠........#
##..####...#...######+#
##..###....#.⌠.#
#..†##.....#...#
....#.÷....#)###
..##.#.....#.:
..#####....#___


You could see a human (strong).

Vanquished Creatures
  A necrophage (D)
  A water elemental (D)
  Jessica (D)
  A wizard (D)
  A necromancer (D)
  2 humans (D)
  A kobold demonologist (D)
  A wolf (D)
  2 endoplasms (D)
11 creatures vanquished.

Notes
Turn   | Place    | Note
-------+----------+-------------------------------------------
     0 | D        | mhtbhm the Troll Berserker began the quest for the Orb.
     0 | D        | Reached XP level 1. HP: 22/22 MP: 0/0
    14 | D        | Reached skill level 3 in Maces & Flails
    25 | D        | Noticed Jessica
    37 | D        | Killed Jessica
    37 | D        | Reached ** piety under Trog
    38 | D        | Reached skill level 4 in Maces & Flails
    38 | D        | Reached XP level 2. HP: 26/32 MP: 1/1
    38 | D        | Reached XP level 3. HP: 32/39 MP: 2/2
    97 | D        | HP: 2/58 [wolf (8)]
   141 | D        | Noticed a water elemental
   146 | D        | Killed a water elemental
   147 | D        | Reached skill level 5 in Maces & Flails
   147 | D        | Reached XP level 4. HP: 49/49 MP: 3/3
   203 | D        | Found a basalt altar of Yredelemnul.
   203 | D        | Found a shadowy altar of Dithmenos.
   203 | D        | Found a sacrificial altar of Ru.
   203 | D        | Noticed a necrophage
   206 | D        | Killed a necrophage
   206 | D        | Reached *** piety under Trog
   207 | D        | Reached skill level 5 in Fighting
   207 | D        | Reached skill level 6 in Maces & Flails
   207 | D        | Reached skill level 5 in Dodging
   207 | D        | Reached XP level 5. HP: 57/57 MP: 4/4
   214 | D        | Reached skill level 7 in Maces & Flails
   260 | D        | Found a radiant altar of Vehumet.
   261 | D        | Found a shimmering blue altar of Sif Muna.
   261 | D        | Found an ancient bone altar of Kikubaaqudgha.
   265 | D        | Reached **** piety under Trog
   274 | D        | Reached skill level 1 in Stealth
   290 | D        | Found a hide-covered altar of Uskayaw.
   290 | D        | Found an iron altar of Okawaru.
   290 | D        | Found a bloodstained altar of Trog.
   290 | D        | Found an ornate altar of the Wu Jian Council.
   290 | D        | Noticed a human
   291 | D        | Noticed a human
   306 | D        | Killed a human
   307 | D        | Reached skill level 8 in Maces & Flails
   307 | D        | Reached XP level 6. HP: 61/68 MP: 5/5
   319 | D        | Slain by a human

Illustrated notes

Levels and vault maps discovered:
D:        dungeon_sprint_mu [sprint_mu_entry_cave, sprint_mu_temple_rooms,
          sprint_mu_d1_horrors, sprint_mu_d2_genie, sprint_mu_d3_branching,
          sprint_mu_orc_legion, sprint_mu_elf_gauntlet, sprint_mu_hive_nellie,
          sprint_mu_lair_fedhas, sprint_mu_vaults_butterflies,
          sprint_mu_slime_circle, sprint_mu_swamp_cave, sprint_mu_snake_twists,
          sprint_mu_blade_basic, sprint_mu_crypt_chambers,
          sprint_mu_tomb_spiral, sprint_mu_vestibule_basic,
          sprint_mu_gehenna_hellfire, sprint_mu_dis_giant,
          sprint_mu_tartarus_statrot, sprint_mu_cocytus_islands, sprint_mu_zot1]

Skill      XL: |  1  2  3  4  5 |
---------------+----------------+-----
Maces & Flails | 4 5 6 8 |  8.7
Fighting       | 3 4 5 6 |  6.7
Dodging        | 3 4 5 6 |  6.4
Stealth        | 1 |  1.2

Action                   |  1- 3 |  4- 6 || total
-------------------------+-------+-------++-------
Melee: Mace              |    38 |    43 ||    81
Invok: Berserk           |     2 |     2 ||     4
 Stab: Sleeping          |     1 |       ||     1
Armor: Animal skin       |     5 |     5 ||    10
Dodge: Dodged            |    17 |    19 ||    36

Table legend: (Time is in decaauts)
 A = Elapsed time spent in this place.
 B = Non-inter-level travel time spent in this place.
 C = Inter-level travel time spent in this place.
 D = Time resting spent in this place.
 E = Time spent auto-exploring this place.
 F = Levels seen in this place.
 G = Mean time per level.
                   A        B        C        D        E       F      G
               +--------+--------+--------+--------+--------+-----+--------+
         Total |    355 |    355 |      0 |    118 |     31 |   1 |  355.0 |
       Dungeon |    355 |    355 |      0 |    118 |     31 |   1 |  355.0 |
               +--------+--------+--------+--------+--------+-----+--------+

Top non-repeatable levels by time:
       D: 355 daAuts
